 Dungeon Crawl Stone Soup version 0.30-a0-585-g93115170b9 (webtiles) character file.

Game seed: 5302532898882944712

1172 Newt the Trooper (level 8, -16/96 HPs)
             Began as a Demonspawn Gladiator on Jan 2, 2023.
             Was an Initiate of Hepliaklqana.
             Killed from afar by Maggie (36 damage)
             ... with a bolt of fire
             ... on level 6 of the Dungeon.
             The game lasted 00:05:55 (6022 turns).

Newt the Trooper (Demonspawn Gladiator)             Turns: 6022, Time: 00:05:55

Health: -16/96     AC: 24    Str: 16    XL:     8   Next: 18%
Magic:  0/8        EV:  2    Int: 11    God:    Hepliaklqana [......]
Gold:   256        SH:  0    Dex: 21    Spells: 7/7 levels left

rFire   . . .      SeeInvis .    d - +2 whip (flame)
rCold   . . .      Faith    .    (no shield)
rNeg    . . .      Spirit   +    (body armour currently unavailable)
rPois   +          Reflect  .    (helmet currently unavailable)
rElec   .          Harm     +    (cloak currently unavailable)
rCorr   .          Rampage  .    (gloves currently unavailable)
Will    +....      NoTele   +    (boots currently unavailable)
Stlth   +                        q - amulet of the Jackalope {Spirit Harm Will+ Dex+7 Stlth-}
HPRegen 0.36/turn                (no ring)
MPRegen 0.11/turn                (no ring)

@: tree-form
A: stationary, stasis, torment immunity, boosted hp, (antennae 2), ignite blood
1, (sanguine armour 1)
a: Renounce Religion


You were on level 6 of the Dungeon.
You worshipped Hepliaklqana.
Hepliaklqana was noncommittal.
You were a tree.
You visited 2 branches of the dungeon, and saw 7 of its levels.

You collected 269 gold pieces.
You spent 13 gold pieces at shops.

Inventory:

Hand Weapons
 a - a +1 rapier
 d - a +2 whip of flaming (weapon)
Missiles
 e - a javelin (quivered)
Armour
 b - a +0 leather armour (melded)
 c - a +0 helmet
 g - a +0 hat (melded)
 l - a +1 pair of gloves (melded)
Jewellery
 f - a ring of fire
 q - the amulet of the Jackalope (around neck) {Spirit Harm Will+ Dex+7 Stlth-}
   (You found it on level 4 of the Dungeon)

   [amulet of guardian spirit]

   It causes incoming damage to be divided between your reserves of health and
   magic.
   Dex:       It affects your dexterity (+7).
   Harm:      It increases damage dealt and taken.
   Will:      It increases your willpower.
   Stlth:     It makes you less stealthy.
 s - an amulet of faith
Scrolls
 h - 2 scrolls of enchant weapon
 i - a scroll of blinking {unknown}
 m - 2 scrolls of magic mapping {unknown}
 n - 5 scrolls of teleportation
Potions
 j - 2 potions of degeneration
 k - a potion of flight
 p - a potion of cancellation {unknown}
 r - a potion of resistance {unknown}


   Skills:
 - Level 6.0 Fighting
 - Level 4.0 Short Blades
 - Level 4.0 Maces & Flails
 - Level 3.0 Throwing
 + Level 3.6 Armour
 - Level 2.6 Dodging
 - Level 2.0 Stealth


You had 7 spell levels left.
You didn't know any spells.
Your spell library was empty.

Dungeon Overview and Level Annotations

Branches:
Dungeon (6/15)             Temple (1/1) D:6

Altars:
Ashenzari
Dithmenos
Fedhas
Gozag
Hepliaklqana
Kikubaaqudgha
Qazlal
Ru
Trog
Wu Jian
Xom
Yredelemnul

Shops:
D:4 ![[

Annotations:
D:6 Maggie


Innate Abilities, Weirdness & Mutations

You are a tree.
Your roots penetrate the ground, keeping you stationary.
You cannot be teleported.
You are immune to unholy pain and torment.
Your maximum health is greatly increased.
Your equipment is partially melded.
((You have a pair of antennae on your head.))
Your demonic aura sometimes causes spilled blood to erupt in flames.
((When seriously injured, your blood forms armour. (AC +0)))


Message History

There is an open door here.
You open the door.
You sense a monster nearby.
There is an open door here.
You now have 256 gold pieces (gained 8).
You open the door.
There is an open door here.
You open the door.
There is an open door here.
You open the door.
Found a stone staircase leading up.
There is an open door here.
Maggie and a scorpion come into view.
Maggie points at you and mumbles some strange words.
The bolt of fire hits you!!
Ouch! That really hurt!
Your blood congeals into armour.
The scorpion moves out of view.
You are too injured to fight recklessly!
You are too injured to fight recklessly!
Okay, then.
Maggie drinks a potion.
Maggie seems to grow stronger.
Maggie hits you with a +0 glaive!
* * * LOW HITPOINT WARNING * * *
You hit Maggie. You burn Maggie.
Maggie is lightly wounded.
Maggie hits you with a +0 glaive.
* * * LOW HITPOINT WARNING * * *
Throw: javelin
Press: ? - help, Q - select action Shift-Dir - straight line, f - Maggie
Aim: Maggie, wielding a +0 glaive and wearing +0 steam dragon scales (lightly wounded, strong, 66% to hit)
Okay, then.
Really quaff the potion of lignification?
You turn into a tree.
Your +0 hat melds into your body.
Your +1 pair of gloves melds into your body.
Your +0 leather armour melds into your body.
Your roots penetrate the ground.
Your blood armour dries and flakes away.
Maggie casts a spell at you. The bolt of fire hits you!!
You die...

## .. .#####
.. .....#
.## ..#.#
..# .... #.#
#s. #.# #@#
#.###♣#
#.....#
#.#####
#.#<# #.#.#
#...#
+###+###'###
#.......#..#
#.......#..#
.# ####+#


You could see Maggie (strong) and a scorpion.

Vanquished Creatures
  Pikel (D:4)
  A black bear (D:6)
  An ice beast (D:6)
  An ogre (D:4)
  A phantom (D:5)
  A scorpion (D:4)
  A necrophage (D:6)
  A howler monkey (D:6)
  A jelly (D:6)
  Natasha (twice) (D:4)
  3 gnolls (D:6)
  4 adders
  A white imp (D:6)
  A worm (D:2)
  A dart slug (D:2)
  8 orcs
  6 ball pythons
  8 bats
  5 endoplasms
  3 giant cockroaches
  6 goblins
  8 hobgoblins
  3 jackals (D:1)
  6 kobolds
  3 quokkas (D:2)
  5 rats
82 creatures vanquished.

Vanquished Creatures (others)
  An adder (D:3)
  2 hobgoblins (D:3)
  A goblin (D:3)
4 creatures vanquished.

Grand Total: 86 creatures vanquished

Notes
Turn   | Place    | Note
-------+----------+-------------------------------------------
     0 | D:1      | Newt the Demonspawn Gladiator began the quest for the Orb.
     0 | D:1      | Reached XP level 1. HP: 16/16 MP: 1/1
   127 | D:1      | Reached skill level 1 in Stealth
   215 | D:1      | Gained mutation: You have a pair of small antennae on your
                  | head. [demonic ancestry]
   215 | D:1      | Reached XP level 2. HP: 22/22 MP: 2/2
  1090 | D:2      | Reached XP level 3. HP: 15/28 MP: 3/3
  1447 | D:2      | Reached skill level 3 in Fighting
  2358 | D:2      | Gained mutation: When seriously injured, your blood forms
                  | armour. (AC +0) [demonic ancestry]
  2358 | D:2      | Reached XP level 4. HP: 32/37 MP: 4/4
  2644 | D:3      | Found an ancient bone altar of Kikubaaqudgha.
  3168 | D:3      | Found a shimmering altar of Xom.
  3545 | D:4      | Found Biddaps's Distillery.
  3548 | D:4      | Found Kozur's Antique Armour Emporium.
  3550 | D:4      | Reached skill level 4 in Fighting
  3558 | D:4      | Bought a potion of degeneration for 13 gold pieces
  3650 | D:4      | Found Bexosh's Armour Boutique.
  3698 | D:4      | Identified the amulet of the Jackalope {Spirit Harm Will+
                  | Dex+7 Stlth-}
  3720 | D:4      | Noticed an ogre
  3723 | D:4      | Noticed a scorpion
  3736 | D:4      | Killed an ogre
  3737 | D:4      | Gained mutation: You have a pair of antennae on your head.
                  | [demonic ancestry]
  3737 | D:4      | Reached XP level 5. HP: 18/42 MP: 5/5
  3747 | D:4      | HP: 2/42 [poisoned by a scorpion]
  4162 | D:4      | Noticed Natasha
  4196 | D:4      | Killed Natasha
  4280 | D:4      | Noticed a lemure
  4281 | D:4      | Noticed a lemure
  4281 | D:4      | Noticed Pikel
  4294 | D:4      | Noticed a lemure
  4295 | D:4      | Noticed a lemure
  4303 | D:4      | HP: 2/42 [Pikel/+2 whip of flaming (5)]
  4311 | D:4      | HP: 2/42 [Pikel/+2 whip of flaming (1)]
  4312 | D:4      | Killed Pikel
  4313 | D:4      | Reached skill level 5 in Fighting
  4313 | D:4      | Gained mutation: Your demonic aura sometimes causes spilled
                  | blood to erupt in flames. [demonic ancestry]
  4313 | D:4      | Reached XP level 6. HP: 4/52 MP: 0/6
  4313 | D:4      | Reached XP level 7. HP: 4/57 MP: 0/7
  4503 | D:4      | Noticed Natasha
  4511 | D:4      | Killed Natasha
  4512 | D:4      | Reached skill level 6 in Fighting
  4702 | D:5      | Entered Level 5 of the Dungeon
  4852 | D:5      | Reached skill level 1 in Maces & Flails
  4944 | D:5      | You fall into a shaft and drop 1 floor!
  4960 | D:6      | Found a staircase to the Ecumenical Temple.
  5389 | D:6      | Reached XP level 8. HP: 29/64 MP: 4/8
  5402 | Temple   | Entered the Ecumenical Temple
  5745 | Temple   | Became a worshipper of Hepliaklqana the Forgotten
  6014 | D:6      | Noticed Maggie
  6022 | D:6      | Killed from afar by Maggie

Illustrated notes

Levels and vault maps discovered:
D:1:      dpeg_arrival_water_temple_mockup, layout_basic
D:2:      layout_loops_corners, grunt_decor_cap, st_stairs_11,
          grunt_decor_fettered, minmay_hedge_maze, grunt_ministairs_6,
          minmay_misc_feat_rugged
D:3:      layout_loops_ring, mainiacjoe_overflow_alcove_1, xom_confusion_cloud
D:4:      layout_loops_ring, mainiacjoe_overflow_boulevard, serial_shops, shop,
          nicolae_shop_hallway_stairs, shop_statue, uniq_pikel, uniq_natasha
D:5:      layout_cave_pods, mainiacjoe_overflow_small_starburst,
          gammafunk_ghost_nasty_kobolds
D:6:      layout_basic, nicolae_vehumet_altar_sigil, nemelex_altar_shiori,
          mainiacjoe_overflow_24_doors, temple_doors_e, uniq_maggie
Temple:   jpeg_temple_alley_garden

Skill      XL: |  1  2  3  4  5  6  7  8 |
---------------+-------------------------+-----
Stealth        | 1 2 |  2.0
Fighting       | 3 4 5 6 |  6.0
Armour         | 2 3 |  3.6
Short Blades   | 4 |  4.0
Throwing       | 3 |  3.0
Maces & Flails | 3 4 |  4.0
Dodging        | |  2.6

Action                   |  1- 3 |  4- 6 |  7- 9 || total
-------------------------+-------+-------+-------++-------
Melee: Rapier            |   166 |    69 |       ||   235
       Punch             |     1 |     1 |       ||     2
       Unarmed           |       |     4 |       ||     4
       Whip              |       |       |   108 ||   108
Throw: Throwing net      |     1 |     3 |       ||     4
       Javelin           |       |     2 |     1 ||     3
  Use: Scroll            |     8 |       |     2 ||    10
       Potion            |       |     5 |     6 ||    11
 Stab: Sleeping          |     5 |     3 |       ||     8
       Distracted        |       |     1 |       ||     1
       Held in net/web   |       |     1 |       ||     1
Armor: Leather armour    |    62 |     7 |    37 ||   106
       Skin              |       |     1 |    10 ||    11
Dodge: Dodged            |   151 |    40 |    64 ||   255

Table legend: (Time is in decaauts)
 A = Elapsed time spent in this place.
 B = Non-inter-level travel time spent in this place.
 C = Inter-level travel time spent in this place.
 D = Time resting spent in this place.
 E = Time spent auto-exploring this place.
 F = Levels seen in this place.
 G = Mean time per level.
                   A        B        C        D        E       F      G
               +--------+--------+--------+--------+--------+-----+--------+
         Total |   6049 |   5795 |    254 |   1382 |   3605 |   7 |  864.1 |
       Dungeon |   5672 |   5498 |    174 |   1382 |   3313 |   6 |  945.3 |
        Temple |    376 |    297 |     79 |      0 |    292 |   1 |  376.0 |
               +--------+--------+--------+--------+--------+-----+--------+

Top non-repeatable levels by time:
     D:2: 1564 daAuts
     D:4: 1172 daAuts
     D:1: 1083 daAuts
     D:3: 910 daAuts
     D:6: 696 daAuts
  Temple: 376 daAuts
     D:5: 244 daAuts
